 Dungeon Crawl Stone Soup version 0.29.1-1-gd02db6906a (webtiles) character file.

Game seed: 2611396066581810153

2510 QueenGhuleh the Cleaver (level 9, -5/120 HPs)
             Began as a Minotaur Berserker on Oct 5, 2022.
             Was a Priest of Trog.
             Slain by a nine-headed hydra (10 damage)
             ... on level 7 of the Dungeon.
             The game lasted 00:11:01 (5976 turns).

QueenGhuleh the Cleaver (Minotaur Berserker)        Turns: 5976, Time: 00:11:01

Health: -5/120     AC: 13    Str: 26    XL:     9   Next: 28%
Magic:  8/8        EV:  8    Int:  4    God:    Trog [***...]
Gold:   271        SH:  0    Dex: 10    Spells: 8/8 levels left

rFire   . . .      SeeInvis .   E - +2 battleaxe (vamp)
rCold   . . .      Faith    .   (shield currently unavailable)
rNeg    . . .      Spirit   .   B - +0 plate armour
rPois   .          Reflect  .   (helmet restricted)
rElec   .          Harm     .   (no cloak)
rCorr   .          Rampage  .   (no gloves)
Will    .....                   (no boots)
Stlth   ..........              (no amulet)
HPRegen 0.30/turn               (no ring)
MPRegen 0.11/turn               (no ring)

@: berserking, very quick
A: horns 2, retaliatory headbutt
a: Renounce Religion, Berserk, Trog's Hand


You were on level 7 of the Dungeon.
You worshipped Trog.
Trog was most pleased with you.
You visited 1 branch of the dungeon, and saw 7 of its levels.

You collected 271 gold pieces.

Inventory:

Hand Weapons
 c - a +2 hand axe of flaming
 E - a +2 vampiric battleaxe (weapon)
Armour
 B - a +0 plate armour (worn)
Jewellery
 e - a ring of protection from fire
Wands
 p - a wand of iceblast (24)
 u - a wand of flame (16)
 A - a wand of paralysis (19)
Scrolls
 a - 3 scrolls of blinking {unknown}
 d - 10 scrolls of identify {unknown}
 f - a scroll of summoning {unknown}
 h - 3 scrolls of poison {unknown}
 i - a scroll of noise {unknown}
 j - a scroll of silence {unknown}
 k - 2 scrolls of enchant weapon {unknown}
 q - 2 scrolls of fog {unknown}
 r - 2 scrolls of vulnerability {unknown}
 s - 5 scrolls of magic mapping {unknown}
 t - a scroll of enchant armour {unknown}
 y - 3 scrolls of teleportation {unknown}
Potions
 b - 3 potions of heal wounds {unknown}
 g - a potion of attraction {unknown}
 l - a potion of might {unknown}
 m - 2 potions of flight {unknown}
 n - 4 potions of curing {unknown}
 o - 2 potions of mutation {unknown}
 v - 6 potions of degeneration {unknown}
 w - a potion of ambrosia {unknown}
 x - a potion of cancellation {unknown}
 z - a potion of haste {unknown}
 C - a potion of berserk rage {unknown}
 D - a potion of brilliance {unknown}


   Skills:
 + Level 7.7 Fighting
 + Level 11.1 Axes
 + Level 8.2 Armour
 + Level 3.4 Dodging
 + Level 0.1 Stealth


You had 8 spell levels left.
You didn't know any spells.
Your spell library was empty.

Dungeon Overview and Level Annotations

Branches:
Dungeon (7/15)             Temple (0/1) D:7

Altars:
Gozag
Sif Muna
Vehumet
Zin

Portals:
Bailey: D:7

Annotations:
D:3 2 transporters, 0gre's ghost, amateur GnIE


Innate Abilities, Weirdness & Mutations

You have a pair of horns on your head.
You reflexively headbutt those who attack you in melee.


Message History

You are too injured to fight recklessly!
You are too injured to fight recklessly!
A red film seems to cover your vision as you go berserk!
You feel yourself moving faster!
You feel mighty!
The seven-headed hydra bites you but does no damage.
The seven-headed hydra barely misses you.
The seven-headed hydra bites you!
* * * LOW HITPOINT WARNING * * *
The seven-headed hydra bites you but does no damage.
The seven-headed hydra bites you.
* * * LOW HITPOINT WARNING * * *
The seven-headed hydra bites you but does no damage. x2
You slice one of the seven-headed hydra's heads off!
The six-headed hydra grows two more!
You slice the eight-headed hydra!!
You feel better.
The eight-headed hydra is heavily wounded.
The eight-headed hydra bites you but does no damage.
The eight-headed hydra bites you!
* * * LOW HITPOINT WARNING * * *
The eight-headed hydra bites you.
* * * LOW HITPOINT WARNING * * *
The eight-headed hydra bites you but does no damage. x2
The eight-headed hydra barely misses you. x2
The eight-headed hydra bites you!
* * * LOW HITPOINT WARNING * * *
You hack one of the eight-headed hydra's heads off!
The seven-headed hydra grows two more!
You slice the nine-headed hydra!!
You feel better.
The nine-headed hydra is severely wounded.
The nine-headed hydra bites you.
* * * LOW HITPOINT WARNING * * *
The nine-headed hydra bites you!
* * * LOW HITPOINT WARNING * * *
The nine-headed hydra barely misses you.
The nine-headed hydra bites you!
* * * LOW HITPOINT WARNING * * *
The nine-headed hydra bites you!
* * * LOW HITPOINT WARNING * * *
The nine-headed hydra bites you!
You die...

....................#
...#.....)[........#...
...##..)...........##..
#....................#
#...................##
#......#..............
#....#.......<.......
#...D#...............
##..@................
#....#...............
#.....#.......>.......
##..###...............
#.##.................
####.................
#..................
#......##.......#.#
#########.#####.#.#


You could see a nine-headed hydra.

Vanquished Creatures
  Pikel (D:7)
  4 ice beasts
  A sky beast (D:7)
  A centaur (D:6)
  2 phantoms (D:6)
  A lemure (D:7)
  3 scorpions
  A necrophage (D:5)
  4 wights (D:7)
  3 killer bees (D:7)
  2 electric eels (D:6)
  4 howler monkeys
  2 hounds
  2 jellies
  A gnoll bouda (D:5)
  4 orc priests
  An iguana (D:7)
  3 orc wizards
  5 adders
  4 gnolls (D:5)
  A shadow imp (D:7)
  2 white imps
  A worm (D:2)
  2 dart slugs
  17 orcs
  4 ball pythons
  6 bats
  6 endoplasms
  5 giant cockroaches
  11 goblins
  4 hobgoblins
  4 jackals (D:4)
  3 frilled lizards
  2 kobolds
  5 rats
122 creatures vanquished.

Vanquished Creatures (others)
  6 plants
6 creatures vanquished.

Grand Total: 128 creatures vanquished

Notes
Turn   | Place    | Note
-------+----------+-------------------------------------------
     0 | D:1      | QueenGhuleh the Minotaur Berserker began the quest for the
                  | Orb.
     0 | D:1      | Reached XP level 1. HP: 19/19 MP: 0/0
   145 | D:1      | Reached XP level 2. HP: 19/27 MP: 1/1
   262 | D:1      | Reached skill level 4 in Axes
   707 | D:2      | Reached XP level 3. HP: 33/33 MP: 2/2
   878 | D:2      | Identified the +0 dagger of Youthful Indiscretion {spect,
                  | rN+}
  1594 | D:3      | Found a transporter.
  1594 | D:3      | Found a transporter.
  1595 | D:3      | Noticed an ogre
  1595 | D:3      | Noticed 0gre's ghost (amateur GnIE)
  1603 | D:3      | Noticed an ogre
  1604 | D:3      | Noticed an ogre
  1614 | D:3      | Reached XP level 4. HP: 40/40 MP: 3/3
  1626 | D:3      | Reached ** piety under Trog
  2046 | D:4      | Found a glowing silver altar of Zin.
  2046 | D:4      | Found an opulent altar of Gozag.
  2322 | D:4      | Reached skill level 5 in Axes
  2322 | D:4      | Reached XP level 5. HP: 39/47 MP: 4/4
  2422 | D:4      | Found a shimmering blue altar of Sif Muna.
  2611 | D:5      | Entered Level 5 of the Dungeon
  2674 | D:5      | Identified the +1 pair of gloves "Gaacuih" {MP+9 Int-3
                  | Dex+10}
  2775 | D:5      | Reached skill level 6 in Axes
  2782 | D:5      | Reached XP level 6. HP: 41/53 MP: 5/5
  2910 | D:5      | Found a sand-covered staircase.
  3041 | D:5      | Noticed an ice beast
  3048 | D:5      | Killed an ice beast
  3049 | D:5      | Reached skill level 7 in Axes
  3161 | D:5      | Reached skill level 5 in Fighting
  3161 | D:5      | Reached XP level 7. HP: 61/61 MP: 6/6
  3608 | D:5      | Reached skill level 8 in Axes
  3608 | D:5      | Reached skill level 5 in Armour
  4183 | D:6      | Found a radiant altar of Vehumet.
  4542 | D:6      | Reached *** piety under Trog
  4722 | D:6      | Reached skill level 9 in Axes
  4722 | D:6      | Reached XP level 8. HP: 19/70 MP: 7/7
  5437 | D:7      | Found a flagged portal.
  5475 | D:7      | Noticed Pikel
  5488 | D:7      | Killed Pikel
  5489 | D:7      | Reached skill level 10 in Axes
  5825 | D:7      | Found a staircase to the Ecumenical Temple.
  5855 | D:7      | Reached XP level 9. HP: 79/79 MP: 8/8
  5881 | D:7      | Reached skill level 11 in Axes
  5901 | D:7      | Noticed a four-headed hydra
  5976 | D:7      | HP: 5/120 [nine-headed hydra (8)]
  5976 | D:7      | Slain by a nine-headed hydra

Illustrated notes

Levels and vault maps discovered:
D:1:      dpeg_arrival_pits, layout_rooms
D:2:      wad_woods_pond, layout_basic
D:3:      layout_rooms, gammafunk_ghost_smash
D:4:      layout_basic, grunt_temple_overflow_gold_and_silver,
          mainiacjoe_overflow_boulevard
D:5:      layout_layer_cave, nicolae_ossuary_entry_monument
D:6:      layout_gridville, overflow_temple_1_default, serial_park_tiny_pond,
          nrook_pool_corridor
D:7:      layout_cave_pools, mainiacjoe_overflow_alcove_3,
          minmay_temple_entry_crystal_x, enter_bailey_5, chequers_jeans,
          grunt_ministairs_12, uniq_pikel

Skill      XL: |  1  2  3  4  5  6  7  8  9 |
---------------+----------------------------+-----
Axes           | 4 5 6 7 9 10 11 | 11.1
Fighting       | 4 5 6 7 |  7.7
Armour         | 3 4 5 7 8 |  8.2
Dodging        | 3 |  3.4
Stealth        | |  0.1

Action                   |  1- 3 |  4- 6 |  7- 9 || total
-------------------------+-------+-------+-------++-------
Melee: Hand axe          |    63 |    85 |   134 ||   282
       Headbutt          |     1 |     7 |    21 ||    29
       Punch             |     1 |     1 |       ||     2
       Battleaxe         |       |       |     6 ||     6
Invok: Berserk           |       |       |     4 ||     4
Armor: Chain mail        |    20 |    13 |       ||    33
       Plate armour      |       |    26 |    91 ||   117
Dodge: Dodged            |    27 |    37 |    55 ||   119
